 Dungeon Crawl Stone Soup version 0.31-a0-631-g285b096dc4 (webtiles) character file.

Game seed: 12840005358893200005

2225107 Ge0ff the Umbral (level 27, 165/165 HPs)
             Began as a Deep Elf Enchanter on Aug 26, 2023.
             Was an Elder of Dithmenos.
             Escaped with the Orb
             ... and 4 runes on Aug 28, 2023!
             The game lasted 04:05:21 (80592 turns).

Ge0ff the Umbral (Deep Elf Enchanter)              Turns: 80592, Time: 04:05:22

Health: 165/165    AC: 20    Str: 21    XL:     27
Magic:  30/60      EV: 19    Int: 53    God:    Dithmenos [****..]
Gold:   4689       SH:  8    Dex: 12    Spells: 1/70 levels left

rFire   + . .        a - staff "Ahueb" {rElec rCorr Int+5 Tmut Air}
rCold   + + .        f - +2 buckler {rC+ rF+}
rNeg    + . .        Q - +5 moon troll leather armour {Spirit, Regen++ MP+5}
rPois   +            x - +2 helmet of the Griffon {rElec Int+2 Slay+6}
rElec   +            D - +0 cloak "Unouw" {rN+ Regen+ Str+3}
rCorr   +            M - +2 pair of gloves
SInv    .            p - +1 pair of boots "Zeipashu" {Str+5 Int+4 Slay+3}
Will    ++...        i - amulet of Vitality {RegenMP++ Regen++}
Stlth   ++           r - ring of Fiedudung {rPois rF- rC+ MP+9 Str+6 Int+7}
HPRegen 4.47/turn    P - ring "Doumepun" {Wiz rPois rF+ Str+2 Dex-3, =R}
MPRegen 1.17/turn

%: guardian spirit, wizardry (x1)
@: wreathed by umbra, studying 3 skills
A: low MP 1, electricity resistance, sturdy frame 1
0: Orb of Zot
}: 4/15 runes: decaying, serpentine, slimy, silver
a: Renounce Religion, Shadow Step


You escaped.
You worshipped Dithmenos.
Dithmenos was greatly pleased with you.
You visited 12 branches of the dungeon, and saw 56 of its levels.
You also visited: Ossuary, Gauntlet, Ice Cave and Wizlab.

You collected 10829 gold pieces.
You spent 6140 gold pieces at shops.

Inventory:

Hand Weapons
 b - the +5 scimitar "Miargh" {holy, rElec Will+ Dex-3 Stlth+}
   (You took it off a deep elf zephyrmancer on level 1 of the Orcish Mines)

   Dex-3:     It affects your dexterity (-3).
   rElec:     It insulates you from electricity.
   Will+:     It increases your willpower.
   Stlth+:    It makes you more stealthy.
 w - a +9 dagger of electrocution
Missiles
 g - 5 throwing nets {=F}
 v - 26 curare-tipped darts {=F}
 A - 6 javelins
 Y - 5 silver javelins
Armour
 f - a +2 buckler of resistance (worn)
 p - the +1 pair of boots "Zeipashu" (worn) {Str+5 Int+4 Slay+3}
   (You found it in a Gauntlet)

   Str+5:     It affects your strength (+5).
   Int+4:     It affects your intelligence (+4).
   Slay+3:    It affects your accuracy & damage with ranged weapons and melee
   (+3).
 x - the +2 helmet of the Griffon (worn) {rElec Int+2 Slay+6}
   (You found it on level 5 of the Vaults)

   Int+2:     It affects your intelligence (+2).
   Slay+6:    It affects your accuracy & damage with ranged weapons and melee
   (+6).
   rElec:     It insulates you from electricity.
 D - the +0 cloak "Unouw" (worn) {rN+ Regen+ Str+3}
   (You acquired it on level 2 of the Crypt)

   Str+3:     It affects your strength (+3).
   rN+:       It protects you from negative energy.
   Regen+:    It increases your rate of health regeneration.
 M - a +2 pair of gloves (worn)
 Q - the +5 moon troll leather armour (worn) {Spirit, Regen++ MP+5}
   (You took it off a moon troll in a wizard's laboratory)

   MP+5:      It affects your magic capacity (+5).
   Regen++:   It increases your rate of health regeneration.
Magical Staves
 a - the staff "Ahueb" (weapon) {rElec rCorr Int+5 Tmut Air}
   (You found it on level 5 of the Vaults)

   [staff of air]

   Base accuracy: +5 Base damage: 5 Base attack delay: 1.2 This weapon's minimum
   attack delay (0.6) is reached at skill level 12.
   Int+5:     It affects your intelligence (+5).
   rElec:     It insulates you from electricity.
   rCorr:     It protects you from acid and corrosion.
   Tmut:      It increases the power of your Transmutations spells.
   Air:       It increases the power of your Air spells.
   It falls into the 'Staves' category.
   It is a one-handed weapon.
Jewellery
 c - the ring "Bodoni" {rC+ Int+3 Dex+6 SInv}
   (You took it off a fire giant on level 2 of the Depths)

   [ring of dexterity]

   Int+3:     It affects your intelligence (+3).
   Dex+6:     It affects your dexterity (+6).
   rC+:       It protects you from cold.
   SInv:      It lets you see invisible.
 h - the ring of Fyothrav {rElec rCorr Str+6 Int+5 Stlth+}
   (You found it on level 1 of the Realm of Zot)

   [ring of strength]

   Str+6:     It affects your strength (+6).
   Int+5:     It affects your intelligence (+5).
   rElec:     It insulates you from electricity.
   rCorr:     It protects you from acid and corrosion.
   Stlth+:    It makes you more stealthy.
 i - the amulet of Vitality (around neck) {RegenMP++ Regen++}
   (You bought it in a shop on level 3 of the Snake Pit)

   [amulet of magic regeneration]

   RegenMP:   It increases your rate of magic regeneration.
   Regen++:   It increases your rate of health regeneration.
 r - the ring of Fiedudung (left hand) {rPois rF- rC+ MP+9 Str+6 Int+7}
   (You took it off a deep elf high priest on level 5 of the Vaults)

   [ring of strength]

   Str+6:     It affects your strength (+6).
   Int+7:     It affects your intelligence (+7).
   rF-:       It makes you vulnerable to fire.
   rC+:       It protects you from cold.
   rPois:     It protects you from poison MP+9: It affects your magic capacity
   (+9).
 G - an amulet of faith
 P - the ring "Doumepun" (right hand) {Wiz rPois rF+ Str+2 Dex-3, =R}
   (You found it in a wizard's laboratory)

   [ring of wizardry]

   Wiz:       It improves your spell success rate.
   Str+2:     It affects your strength (+2).
   Dex-3:     It affects your dexterity (-3).
   rF+:       It protects you from fire.
   rPois:     It protects you from poison
 Z - a ring of flight
Wands
 d - a wand of digging (41)
 e - a wand of charming (65)
 j - a wand of light (25)
 k - a wand of iceblast (44)
 s - a wand of mindburst (50)
Scrolls
 m - 12 scrolls of revelation
 y - 6 scrolls of immolation
 B - 8 scrolls of blinking
 C - 13 scrolls of poison
 E - 4 scrolls of fear
 F - 10 scrolls of fog
 J - 6 scrolls of silence {!r}
 S - 5 scrolls of summoning
 T - 31 scrolls of teleportation
 V - 8 scrolls of vulnerability
Potions
 o - 3 potions of ambrosia
 q - 26 potions of curing
 u - 8 potions of mutation {!q}
 z - 5 potions of brilliance
 H - 8 potions of haste {!q}
 I - 2 potions of invisibility
 K - 3 potions of magic {!q}
 L - 10 potions of lignification
 N - 6 potions of cancellation {!q}
 R - 7 potions of resistance
 W - 11 potions of heal wounds {!q}
 X - 13 potions of enlightenment
Miscellaneous
 l - a lightning rod (4/4)
 n - a phial of floods
 t - a tin of tremorstones (2/2)
 O - a box of beasts
 U - a phantom mirror


   Skills:
 + Level 15.1 Fighting
 - Level 10.0 Short Blades
 - Level 6.0 Throwing
 - Level 12.0 Armour
 - Level 17.0 Dodging
 - Level 10.0 Stealth
 - Level 10.0 Shields
 - Level 22.0 Spellcasting
 - Level 22.0 Conjurations
 - Level 7.0 Hexes
 - Level 10.0 Necromancy
 - Level 10.0 Translocations
 - Level 12.0 Transmutations
 - Level 22.0 Fire Magic
 - Level 4.0 Ice Magic
 - Level 12.0 Air Magic
 - Level 16.0 Earth Magic
 - Level 23.0 Invocations
 + Level 10.9 Evocations


You had one spell level left.
You knew the following spells:

 Your Spells              Type           Power      Damage    Failure   Level
a - Sublimation of Blood  Necr           100%       N/A       0%          2
d - Iskenderun's Mystic   Conj/Tloc      100%       2d19      0%          4
g - Apportation           Tloc           100%       N/A       0%          1
h - Lee's Rapid Deconstr  Erth           61%        3d28*     0%          5
i - Ignition              Fire           69%        3d18      1%          8
j - Orb of Destruction    Conj           69%        9d16      1%          7
m - Plasma Beam           Fire/Air       75%        2x1d93    1%          6
n - Dispel Undead         Necr           100%       3d31      1%          4
s - Fire Storm            Conj/Fire      69%        8d17      1%          9
w - Passwall              Tmut/Erth      100%       N/A       0%          2
x - Shatter               Erth           61%        3d46*     14%         9
y - Yara's Violent Unrav  Hex/Tmut       63%        3d24      1%          5
B - Blink                 Tloc           100%       N/A       0%          2
E - Irradiate             Conj/Tmut      75%        3d36      0%          5

Your spell library contained the following spells:

 Spells                   Type           Power      Damage    Failure   Level
 Kiss of Death            Conj/Necr      100%       2d13      0%          1
 Magic Dart               Conj           100%       1d8       0%          1
 Sandblast                Erth           100%       2d20      0%          1
 Shock                    Conj/Air       100%       1d9       0%          1
 Slow                     Hex            100%       N/A       0%          1
 Sting                    Tmut/Pois      100%       1d8       0%          1
 Freeze                   Ice            100%       1d10      1%          1
 Summon Small Mammal      Summ           100%       N/A       1%          1
 Cigotuvi's Dreadful Rot  Necr/Pois/Air  100%       N/A       0%          2
 Lesser Beckoning         Tloc           100%       N/A       0%          2
 Momentum Strike          Conj/Tloc      100%       3d10      0%          2
 Static Discharge         Conj/Air       100%       2-7/arc   0%          2
 Wereblood                Tmut           100%       N/A       0%          2
 Dazzling Flash           Conj/Hex       100%       N/A       0%          3
 Gell's Gravitas          Tloc           100%       N/A       0%          3
 Hailstorm                Conj/Ice       100%       3d20      0%          3
 Ignite Poison            Fire/Tmut/Pois 100%       N/A       0%          3
 Inner Flame              Hex/Fire       100%       N/A       0%          3
 Mephitic Cloud           Conj/Pois/Air  100%       N/A       0%          3
 Portal Projectile        Hex/Tloc       100%       N/A       0%          3
 Stone Arrow              Conj/Erth      100%       3d13      0%          3
 Swiftness                Air            100%       N/A       0%          3
 Teleport Other           Tloc           100%       N/A       0%          3
 Vampiric Draining        Necr           100%       2d13      0%          3
 Vhi's Electric Charge    Tloc/Air       100%       N/A       0%          3
 Volatile Blastmotes      Fire/Tloc      100%       2d18      0%          3
 Airstrike                Air            67%        2d(10-26) 0%          4
 Leda's Liquefaction      Hex/Erth       55%        N/A       0%          4
 Petrify                  Tmut/Erth      100%       N/A       0%          4
 Sticky Flame             Conj/Fire      100%       2d11      0%          4
 Arcjolt                  Conj/Air       75%        1d85      0%          5
 Fireball                 Conj/Fire      69%        3d26      0%          5
 Iskenderun's Battlesphe  Conj           100%       2d15      0%          5
 Leda's Unmaking          Conj/Erth      65%        9d11      0%          6
 Starburst                Conj/Fire      69%        6d18      0%          6
 Call Imp                 Summ           100%       N/A       1%          2
 Ensorcelled Hibernation  Hex/Ice        100%       N/A       1%          2
 Poisonous Vapours        Pois/Air       100%       N/A       1%          2
 Call Canine Familiar     Summ           55%        N/A       1%          3
 Confusing Touch          Hex            93%        N/A       1%          3
 Frozen Ramparts          Ice            100%       1d16      1%          3
 Summon Guardian Golem    Hex/Summ       77%        N/A       1%          3
 Tukima's Dance           Hex            93%        N/A       1%          3
 Anguish                  Hex/Necr       49%        N/A       1%          4
 Animate Armour           Summ/Erth      100%       N/A       1%          4
 Animate Dead             Necr           100%       N/A       1%          4
 Cause Fear               Hex            46%        N/A       1%          4
 Manifold Assault         Tloc           100%       N/A       1%          4
 Olgreb's Toxic Radiance  Pois           55%        N/A       1%          4
 Summon Ice Beast         Ice/Summ       68%        N/A       1%          4
 Summon Lightning Spire   Summ/Air       100%       N/A       1%          4
 Alistair's Intoxication  Tmut/Pois      73%        N/A       1%          5
 Borgnjor's Vile Clutch   Necr/Erth      57%        N/A       1%          5
 Freezing Cloud           Conj/Ice/Air   69%        6-21      1%          5
 Metabolic Englaciation   Hex/Ice        43%        N/A       1%          5
 Silence                  Hex/Air        63%        N/A       1%          5
 Summon Forest            Summ/Tloc      42%        N/A       1%          5
 Summon Mana Viper        Hex/Summ       77%        N/A       1%          5
 Conjure Ball Lightning   Conj/Air       75%        3x3d28    1%          6
 Death Channel            Necr           52%        N/A       1%          6
 Dispersal                Tloc           52%        N/A       1%          6
 Eringya's Noxious Bog    Tmut/Pois      55%        4d6       1%          6
 Simulacrum               Ice/Necr       46%        N/A       1%          6
 Spellforged Servitor     Conj/Summ      54%        N/A       1%          7
 Lehudib's Crystal Spear  Conj/Erth      65%        10d15     1%          8
 Enfeeble                 Hex            46%        N/A       4%          7
 Maxwell's Capacitive Co  Air            67%        ∞         4%          8
 Chain Lightning          Conj/Air       75%        3d100     10%         9
 Haunt                    Necr/Summ      42%        N/A       11%         7
 Malign Gateway           Summ/Tloc      42%        N/A       11%         7
 Borgnjor's Revivificati  Necr           52%        N/A       11%         8
 Infestation              Necr           52%        N/A       11%         8
 Summon Cactus Giant      Summ           27%        N/A       16%         6
 Ozocubu's Refrigeration  Ice            39%        4d16      16%         7
 Discord                  Hex            46%        N/A       34%         8
 Monstrous Menagerie      Summ           27%        N/A       61%         7
 Summon Hydra             Summ           27%        N/A       61%         7
 Death's Door             Necr           52%        N/A       82%         9
 Summon Horrible Things   Summ           27%        N/A       99%         8
 Polar Vortex             Ice            39%        12d5*     100%        9


Dungeon Overview and Level Annotations

Branches:
Dungeon (15/15)            Temple (0/1) D:5            Lair (5/5) D:11
  Swamp (4/4) Lair:3        Snake (4/4) Lair:2        Slime (5/5) Lair:5
    Orc (2/2) D:9             Elf (3/3) Orc:2        Vaults (5/5) D:13
  Crypt (3/3) Vaults:3       Tomb (1/3) Crypt:3      Depths (4/4) D:15
    Zot (5/5) Depths:4    Ossuary (visited)           IceCv (visited)
 WizLab (visited)         Gauntlet (visited)

Altars:
Ashenzari
Cheibriados
Dithmenos
Fedhas
Gozag
Hepliaklqana
Kikubaaqudgha
Makhleb
Sif Muna
Trog
Vehumet
Wu Jian
Xom
Yredelemnul
Zin
Jiyva
Lugonu

Shops:
Orc:2 **((   Elf:1 [   Elf:2 [   Snake:1 ==:   Snake:3 ?=*([=*   Snake:4 !:
Vaults:3 (   Depths:4 (

Portals:
Hell: Depths:1 Depths:2 Depths:3 Depths:4
Abyss: Snake:2 Depths:1 Depths:3
Pandemonium: Depths:2
Ziggurat: Depths:3
Trove: D:14 (give 9 potions of haste)


Innate Abilities, Weirdness & Mutations

Your magical capacity is low. (-10% MP)
You are resistant to electric shocks. (rElec)
Your movements are slightly less encumbered by armour. (ER -2)


Message History

Confirm with . or Enter, or press ? or * to list all spells.
Aiming: Fire Storm (dangerous; 1% risk of failure)
Press: ? - help, Dir - move target A raging storm of fire appears!
The great blast of fire engulfs the soul eater!!!
You kill the soul eater!
Dithmenos accepts your kill.
The great blast of fire engulfs the shadow demon!!!!
You kill the shadow demon!
Dithmenos accepts your kill.
The great blast of fire engulfs Hapn!!!
Hapn is moderately wounded.
Casting: Fire Storm (dangerous; 1% risk of failure)
Confirm with . or Enter, or press ? or * to list all spells.
Aiming: Fire Storm (dangerous; 1% risk of failure)
Press: ? - help, Dir - move target A raging storm of fire appears!
The great blast of fire engulfs Hapn!!!
Hapn is heavily wounded.
Hapn is engulfed in blazing flames.
Hapn hits your fire vortex!!!
Your fire vortex dissipates!
Your fire vortex hits Hapn.
Your fire vortex burns Hapn!
Your fire vortex dissipates!
Casting: Fire Storm (dangerous; 1% risk of failure)
Confirm with . or Enter, or press ? or * to list all spells.
Aiming: Fire Storm (dangerous; 1% risk of failure)
Press: ? - help, Dir - move target, f - fire vortex
Aim: a fire vortex (flame, friendly)
A raging storm of fire appears!
The great blast of fire engulfs Hapn!!!!
Hapn is almost dead.
Hapn is engulfed in blazing flames.
Hapn hits your fire vortex!
Your fire vortex looks weaker.
Hapn is engulfed in blazing flames.
Your fire vortex hits Hapn.
Your fire vortex burns Hapn!
Your fire vortex dissipates!
Casting: Fire Storm (dangerous; 1% risk of failure)
Confirm with . or Enter, or press ? or * to list all spells.
Aiming: Fire Storm (dangerous; 1% risk of failure)
Press: ? - help, Dir - move target, f - fire vortex, p - fire vortex
Aim: a fire vortex (flame, friendly, umbra)
A raging storm of fire appears!
The great blast of fire engulfs Hapn!!!!
You kill Hapn!
Dithmenos accepts your kill.
Your shadow now sometimes tangibly mimics your actions.
Your fire vortex hits something.
Your fire vortex burns something!
Your fire vortex dissipates!
A lich comes into view.
Your tin of tremorstones (2/2) has regained one charge.
You have escaped!

#..# #.##.[#.# #.##
##########.###.#.#
#.#####..........>.....#
#.##§§.....).....###.#####
#.##..§....v..§..###.#....
#.##§§≈≈...○.○○°..#.......
#.##.§§....°v.vv.....#....
#.##......v°..v○..#..#.#.#
#.##.....@≈vv..○°......#.#
#..#.....§v°...°.##..###.#
##.#......≈vv○...##..###.#
#.#.........§§○..#......#
###.#..≈....v.°vL........##
#.....≈≈≈...vvvv§..#..#..##
#.#.#..≈.).....≈...#..#....
#.#.....................###
#.####...#####.###.#..#.# #


You could see a lich and 17 friendly fire vortices.

Vanquished Creatures
  the Royal Jelly (Slime:5)
  6 dread liches
  6 orbs of fire
  12 ancient liches
  2 juggernauts
  3 royal mummies (Tomb:1)
  Boris (Crypt:3)
  3 Killer Klowns
  Saint Roka (Vaults:5)
  Frederick (Vaults:5)
  Margery (Crypt:2)
  2 pandemonium lords (D:1)
  A curse toe (Zot:5)
  10 golden dragons
  A caustic shrike (Depths:3)
  Nikola (Swamp:2)
  2 doom hounds (Zot:1)
  3 bone dragons
  A Tzitzimitl (D:15)
  15 tentacled monstrosities
  3 electric golems
  Jorgrun (Snake:1)
  A moon troll (WizLab)
  A Hell Sentinel (D:5)
  A hellephant (Snake:2)
  A walking crystal tome (Depths:1)
  Mlioglotl (Swamp:2)
  7 liches
  An Ice Fiend (D:1)
  Grunn (Zot:1)
  18 acid blobs
  3 titans (Vaults:5)
  A sphinx (shapeshifter) (Depths:2)
  11 quicksilver dragons
  3 deep elf blademasters
  The ghost of Douf the Warrior, an adept MiBe of Trog (Snake:2)
  2 walking frostbound tomes (Depths:2)
  30 Orb Guardians
  2 deep elf master archers (Elf:3)
  A walking divine tome (Depths:3)
  An Executioner (D:1)
  13 sphinxes
  4 thorn hunters
  The ghost of Zonakeul the Warrior, an adept HOMo of Beogh (Depths:4)
  4 ancient champions
  10 death cobs
  10 shadow dragons
  11 tentacled starspawn
  Donald (Swamp:4)
  11 azure jellies
  14 storm dragons
  Kirke (Snake:4)
  6 tengu reavers
  Aizul (Snake:1)
  9 draconian monks
  2 revenants
  6 nagarajas
  A daeva (Depths:1)
  12 rockslimes
  9 draconian scorchers
  9 fire giants
  16 frost giants
  The ghost of Hih Uni the Severer, a journeyman MiFi of Okawaru (Snake:1)
  15 vault wardens
  2 iron dragons
  3 draconian knights
  2 deep elf sorcerers (Elf:3)
  2 ghost moths
  7 draconian shifters
  A ghost moth (shapeshifter) (Vaults:5)
  3 deep elf elementalists (Elf:3)
  A juggernaut zombie (Depths:2)
  7 draconian stormcallers
  5 spriggan defenders
  9 draconian annihilators
  5 formless jellyfish
  A demonspawn corrupter (D:8)
  7 ghouls
  28 very ugly things
  4 curse skulls
  12 quicksilver oozes
  8 war gargoyles
  10 vampire knights
  15 ironbound preservers
  27 stone giants
  5 orc warlords
  8 ironbound thunderhulks
  5 cacodemons
  15 green draconians
  8 yellow draconians
  8 black draconians
  6 deep elf annihilators
  4 eleionomae
  12 dire elephants
  7 deep elf demonologists
  15 purple draconians
  2 bunyips
  10 spark wasps
  A minotaur (Gauntlet)
  10 white draconians
  10 deep elf death magi
  5 eidola
  19 red draconians
  9 mummy priests (Tomb:1)
  7 fire dragons
  16 yaktaur captains
  A crystal guardian (Vaults:3)
  A quicksilver dragon zombie (Vaults:2)
  3 deep elf high priests
  12 ettins
  A shambling mangrove (Swamp:4)
  4 jiangshi (Crypt:2)
  2 entropy weavers
  2 hell beasts (D:1)
  A spriggan zombie (Crypt:2)
  3 salamander tyrants (Snake:4)
  An entropy weaver (shapeshifter) (Depths:2)
  A rakshasa (D:14)
  18 ice dragons
  12 great orbs of eyes
  29 vault guards
  A ghost crab (Swamp:4)
  2 peacekeepers
  An ice dragon (shapeshifter) (Depths:3)
  18 hydras
  20 ironbound frosthearts
  18 centaur warriors
  A catoblepas (D:13)
  2 ogre magi (Orc:2)
  9 anacondas
  5 death knights
  15 naga warriors
  3 spriggan air magi (Depths:2)
  11 two-headed ogres
  3 spriggan skeletons (Crypt:3)
  8 alligators
  14 death scarabs (Tomb:1)
  33 dancing weapons
  8 tengu warriors
  5 vampire magi
  3 deep troll shamans
  3 hell hogs
  A titan zombie (Vaults:2)
  10 deep troll earth magi
  An orc high priest (Orc:1)
  12 naga sharpshooters
  27 hell knights
  A bennu skeleton (Crypt:1)
  7 spriggan berserkers
  7 shock serpents
  A skyshark (shapeshifter) (Vaults:5)
  A thrashing horror (Snake:2)
  2 fire crabs (Gauntlet)
  A storm dragon zombie (Depths:2)
  26 deep elf knights
  Sonja (D:13)
  5 sun demons
  A titan skeleton (Crypt:3)
  6 salamander mystics
  A sixfirhy (D:15)
  Lodul (D:12)
  2 death drakes
  5 goliath frogs
  12 glowing orange brains
  38 skeletal warriors
  4 soul eaters
  7 spriggan druids
  2 skysharks (Lair:5)
  A golden dragon zombie (Crypt:2)
  A ghost moth zombie (Crypt:2)
  A glowing orange brain (shapeshifter) (Vaults:5)
  2 shadow demons
  A death drake (shapeshifter) (Vaults:5)
  5 iron trolls
  An iron giant skeleton (Crypt:2)
  7 sea snakes
  5 flayed ghosts
  53 deep trolls
  6 deep elf archers
  10 swamp dragons
  6 bog bodies
  A bunyip skeleton (Tomb:1)
  10 naga ritualists
  5 starcursed masses (WizLab)
  18 phantasmal warriors
  20 lindwurms
  30 deep elf zephyrmancers
  2 orange crystal statues
  A fire giant zombie (Depths:2)
  21 ironbound convokers
  5 wizards
  30 deep elf pyromancers
  16 necromancers
  31 ugly things
  9 mana vipers
  5 orc sorcerers
  7 orc knights
  11 cyclopes
  A wolf spider (Vaults:5)
  A frost giant zombie (Vaults:2)
  A worldbinder (Snake:2)
  20 salamanders
  5 will-o-the-wisps
  24 moths of wrath
  4 large abominations
  10 shining eyes
  An elephant (shapeshifter) (Depths:1)
  9 fire giant skeletons (Crypt:3)
  A toenail golem (D:1)
  A dire elephant zombie (Crypt:2)
  A frost giant skeleton (Crypt:1)
  3 stone giant skeletons
  An apocalypse crab (Snake:2)
  40 black mambas
  7 eyes of devastation
  21 naga magi
  A black mamba (shapeshifter) (D:15)
  6 guardian serpents
  3 human skeletons (Vaults:2)
  6 elephants (Lair:5)
  2 rust devils
  19 vault sentinels
  An orange demon (D:13)
  5 gargoyles
  22 cane toads
  2 smoke demons
  A hellion (D:1)
  A naga skeleton (Crypt:3)
  3 centaur skeletons (Crypt:3)
  An unseen horror (D:12)
  10 rime drakes
  10 komodo dragons
  6 freezing wraiths
  An efreet (D:15)
  2 ice devils
  3 tormentors (D:1)
  A swamp worm zombie (Crypt:2)
  13 yaktaurs
  A sea snake skeleton (Crypt:2)
  4 red devils
  11 guardian mummies
  7 tengu conjurers
  A golden dragon simulacrum (Depths:2)
  A harpy zombie (Crypt:2)
  13 trolls
  A green draconian skeleton (Crypt:1)
  5 bloated husks
  A death drake zombie (Crypt:2)
  16 polar bears
  A tyrant leech (shapeshifter) (Depths:3)
  19 blink frogs
  A wind drake (shapeshifter) (Vaults:4)
  5 harpy skeletons
  A tarantella (Vaults:2)
  Prince Ribbit (D:7)
  A raiju (shapeshifter) (Elf:3)
  14 tyrant leeches
  A blink frog (shapeshifter) (D:15)
  17 hornets
  5 dream sheep (Lair:5)
  A meliai zombie (Crypt:2)
  2 jumping spiders (shapeshifter)
  7 fire dragon skeletons (Crypt:3)
  102 slime creatures
  2 centaur simulacra (D:14)
  4 water elementals
  6 air elementals
  4 flying skulls (Tomb:1)
  69 yaks
  2 vampires (D:12)
  2 hogs (shapeshifter)
  8 fire bats (Gauntlet)
  A ynoxinul (Depths:4)
  7 shadows
  24 spriggans
  9 ushabtiu
  4 wyverns
  An ettin skeleton (Tomb:1)
  A black mamba skeleton (Crypt:2)
  3 fire elementals
  3 hogs (Snake:4)
  13 wraiths
  A chaos spawn (D:11)
  2 humans
  7 golden eyes
  A redback (Vaults:2)
  15 vampire mosquitoes
  5 basilisks
  3 neqoxecs (WizLab)
  2 skyshark zombies (Crypt:1)
  A merfolk zombie (Crypt:2)
  42 nagas
  3 naga zombies
  4 wargs
  An elf skeleton (Vaults:2)
  13 swamp worms
  3 hell hounds (Gauntlet)
  2 floating eyes
  11 water moccasins
  27 orc warriors
  A glowing shapeshifter skeleton (Depths:2)
  A black bear (shapeshifter) (D:13)
  6 swamp drakes
  4 ice beasts
  A deep troll simulacrum (Vaults:2)
  An ettin simulacrum (Depths:2)
  A black bear (Lair:3)
  36 ogres
  A boggart (Vaults:1)
  12 centaurs
  17 wolves
  A phantom (D:6)
  2 kobold brigands
  A fire crab zombie (Crypt:2)
  19 bullfrogs
  2 gnoll sergeants
  3 scorpions
  5 necrophages
  5 earth elementals
  A glowing shapeshifter simulacrum (Depths:2)
  A komodo dragon skeleton (Crypt:1)
  A cyclops skeleton (Crypt:1)
  4 wights (D:8)
  39 killer bees
  13 electric eels
  A howler monkey (D:9)
  A bullfrog zombie (D:5)
  2 centaur zombies (Ossuary)
  24 orc priests
  2 hounds
  A bullfrog skeleton (Crypt:1)
  3 gnoll boudas
  A human zombie (Ossuary)
  An iguana (D:4)
  19 orc wizards
  A scorpion zombie (D:5)
  A boggart simulacrum (D:15)
  40 mummies
  19 gnolls
  4 adders
  4 white imps
  An ufetubus (D:7)
  An adder zombie (Ossuary)
  A dart slug (D:2)
  69 orcs
  6 ball pythons
  10 endoplasms
  4 giant cockroaches
  5 goblins
  2 hobgoblins
  4 jackals
  7 quokkas
  7 bats
  2 frilled lizards (D:2)
  A goblin skeleton (Crypt:1)
  7 hobgoblin zombies (Ossuary)
  4 jackal zombies (Ossuary)
  20 kobolds
  7 kobold zombies (Ossuary)
  13 orc zombies (Ossuary)
  7 rats
  2 rat zombies (Ossuary)
  A river rat skeleton (Crypt:1)
  16 butterflies (Vaults:4)
  59 fire vortices
  5 starspawn tentacles (WizLab)
2827 creatures vanquished.

Vanquished Creatures (collateral kills)
  Mennas (Crypt:3)
  An electric golem (Zot:5)
  Rupert (Lair:3)
  An Orb Guardian (Zot:5)
  2 tentacled monstrosities
  2 acid blobs (Slime:5)
  An azure jelly (Slime:2)
  A fire giant (Depths:2)
  2 draconian knights (Zot:1)
  An iron dragon (Vaults:5)
  A draconian stormcaller (Zot:1)
  A ghoul (Swamp:4)
  A stone giant (Depths:3)
  A black draconian (Zot:3)
  A yellow draconian (Zot:4)
  A hydra (Swamp:4)
  A golden dragon zombie (Depths:2)
  A lindwurm (Swamp:4)
  A necromancer (Depths:2)
  A shining eye (Slime:5)
  A moth of wrath (Zot:1)
  A guardian mummy (Tomb:1)
  A slime creature (Slime:5)
  A hog (Snake:4)
  A swamp drake (Swamp:4)
  A wolf (shapeshifter) (Depths:2)
  A bullfrog (Lair:3)
30 creatures vanquished.

Vanquished Creatures (others)
  A deep elf zephyrmancer (Elf:1)
  2 humans (Snake:4)
  A dancing weapon (Lair:2)
  A naga (Snake:4)
  376 fire vortices
  10 foxfires (Swamp:1)
  10 starspawn tentacles
401 creatures vanquished.

Grand Total: 3258 creatures vanquished

Notes
Turn   | Place    | Note
-------+----------+-------------------------------------------
     0 | D:1      | Ge0ff the Deep Elf Enchanter began the quest for the Orb.
     0 | D:1      | Reached XP level 1. HP: 10/10 MP: 6/6
   186 | D:1      | Reached XP level 2. HP: 15/15 MP: 8/8
   240 | D:1      | Learned a level 2 spell: Ensorcelled Hibernation
   537 | D:1      | Learned a level 2 spell: Blink
   591 | D:1      | Reached skill level 1 in Ice Magic
   691 | D:1      | Reached skill level 1 in Fighting
   980 | D:1      | Reached XP level 3. HP: 20/20 MP: 9/9
   992 | D:1      | Learned a level 3 spell: Confusing Touch
  1146 | D:2      | Reached skill level 1 in Translocations
  1954 | D:2      | Reached XP level 4. HP: 25/25 MP: 7/11
  2200 | D:3      | Reached XP level 5. HP: 29/29 MP: 7/13
  2734 | D:4      | Found a shadowy altar of Dithmenos.
  2738 | D:4      | Became a worshipper of Dithmenos the Shadowed
  2902 | D:4      | Found a sand-covered staircase.
  2920 | Ossuary  | Entered an ossuary
  3015 | Ossuary  | Reached * piety under Dithmenos
  3100 | Ossuary  | Reached XP level 6. HP: 24/34 MP: 14/14
  3192 | Ossuary  | Reached skill level 5 in Hexes
  3558 | D:4      | Found a glowing silver altar of Zin.
  3735 | D:4      | Found a bloodstained altar of Trog.
  3950 | D:4      | Found a snail-covered altar of Cheibriados.
  3950 | D:4      | Found an opulent altar of Gozag.
  3959 | D:4      | Found a hazy altar of Hepliaklqana.
  3963 | D:4      | Found a shimmering altar of Xom.
  3965 | D:4      | Found a radiant altar of Vehumet.
  4101 | D:5      | Entered Level 5 of the Dungeon
  4122 | D:5      | Noticed a water moccasin
  4131 | D:5      | Killed a water moccasin
  4132 | D:5      | Reached XP level 7. HP: 32/38 MP: 13/15
  4215 | D:5      | Found a basalt altar of Yredelemnul.
  4347 | D:5      | Reached ** piety under Dithmenos
  4360 | D:5      | Learned a level 3 spell: Tukima's Dance
  4444 | D:5      | Reached skill level 5 in Short Blades
  4601 | D:5      | Found a staircase to the Ecumenical Temple.
  4845 | D:6      | Reached skill level 1 in Armour
  4853 | D:6      | Reached XP level 8. HP: 44/44 MP: 15/17
  4879 | D:6      | Reached skill level 5 in Stealth
  4879 | D:6      | Reached skill level 5 in Spellcasting
  4966 | D:6      | Learned a level 4 spell: Iskenderun's Mystic Blast
  5116 | D:6      | Found a shimmering blue altar of Sif Muna.
  5160 | D:6      | Reached skill level 1 in Throwing
  5275 | D:6      | Identified the +5 whip "Lidesm" {freeze, Fly rF+}
  5450 | D:7      | Reached skill level 1 in Conjurations
  5551 | D:7      | Noticed Prince Ribbit
  5558 | D:7      | Killed Prince Ribbit
  5566 | D:7      | Identified the +2 spear of Tenacity {speed, rC+ Will+ Str-4
                  | Int+5}
  5612 | D:7      | Identified the +5 ring mail of the Kangaroo {rElec Int+4}
  5661 | D:7      | Reached XP level 9. HP: 50/50 MP: 12/18
  5667 | D:7      | Reached *** piety under Dithmenos
  6429 | D:8      | Reached skill level 5 in Translocations
  6585 | D:8      | Noticed a two-headed ogre
  6589 | D:8      | Killed a two-headed ogre
  6590 | D:8      | Reached skill level 5 in Conjurations
  6590 | D:8      | Reached XP level 10. HP: 55/56 MP: 19/19
  6828 | D:8      | Reached **** piety under Dithmenos
  7346 | D:9      | Found a blossoming altar of Fedhas.
  7349 | D:9      | Found an ancient bone altar of Kikubaaqudgha.
  7457 | D:9      | Noticed a seven-headed hydra
  7463 | D:9      | Killed a seven-headed hydra
  7526 | D:9      | Reached skill level 1 in Evocations
  8267 | D:9      | Found a staircase to the Orcish Mines.
  8554 | D:9      | Reached XP level 11. HP: 61/61 MP: 18/20
  8627 | D:10     | Entered Level 10 of the Dungeon
  9774 | D:11     | Reached skill level 5 in Evocations
  9776 | D:11     | Found a staircase to the Lair.
  9820 | D:11     | Reached ***** piety under Dithmenos
  9836 | D:11     | Found a gate leading to a gauntlet.
  9902 | Gauntlet | Entered a Gauntlet
  9902 | Gauntlet | Found a transporter.
  9912 | Gauntlet | Found a transporter.
  9927 | Gauntlet | Found a transporter.
  9932 | Gauntlet | Found a transporter.
  9935 | Gauntlet | Noticed a large abomination
  9949 | Gauntlet | Found a transporter.
  9967 | Gauntlet | Found a transporter.
  9973 | Gauntlet | Noticed a reaper
  9979 | Gauntlet | Found a transporter.
  9989 | Gauntlet | Noticed a catoblepas
  9991 | Gauntlet | Found a transporter.
  9999 | Gauntlet | Noticed a fire crab
 10003 | Gauntlet | Found a transporter.
 10011 | Gauntlet | Found a large runed translucent door.
 10012 | Gauntlet | Found a large runed translucent door.
 10013 | Gauntlet | Found a large runed translucent door.
 10013 | Gauntlet | Found a large runed translucent door.
 10014 | Gauntlet | Found a runed translucent gate.
 10014 | Gauntlet | Found the brooch of Shielding {Spirit SH+8}
 10015 | Gauntlet | Found a transporter.
 10015 | Gauntlet | Found a runed translucent gate.
 10015 | Gauntlet | Noticed a green death
 10016 | Gauntlet | Found a runed translucent gate.
 10017 | Gauntlet | Found a large runed translucent door.
 10017 | Gauntlet | Found a large runed translucent door.
 10018 | Gauntlet | Found a large runed translucent door.
 10019 | Gauntlet | Found a large runed translucent door.
 10028 | Gauntlet | Found a large runed translucent door.
 10028 | Gauntlet | Found a large runed translucent door.
 10028 | Gauntlet | Found a runed translucent door.
 10028 | Gauntlet | Found a runed translucent door.
 10029 | Gauntlet | Found a large runed translucent door.
 10030 | Gauntlet | Found a large runed translucent door.
 10032 | Gauntlet | Found a transporter.
 10040 | Gauntlet | Found a large runed translucent door.
 10040 | Gauntlet | Found a large runed translucent door.
 10041 | Gauntlet | Found a large runed translucent door.
 10042 | Gauntlet | Found a large runed translucent door.
 10050 | Gauntlet | Found a transporter.
 10052 | Gauntlet | Found a transporter.
 10053 | Gauntlet | Noticed a fire crab
 10077 | Gauntlet | Found a transporter.
 10079 | Gauntlet | Found a transporter.
 10099 | Gauntlet | Found a transporter.
 10177 | Gauntlet | Found a transporter.
 10197 | Gauntlet | Found a transporter.
 10321 | Gauntlet | Reached skill level 5 in Fighting
 10456 | Gauntlet | Reached skill level 10 in Short Blades
 10459 | Gauntlet | Killed a fire crab
 10519 | Gauntlet | Identified the +1 robe of the Hot Ocelot {rF+}
 10560 | Gauntlet | Killed a fire crab
 10596 | Gauntlet | Identified the +2 helmet of the Fife {rElec}
 10624 | Gauntlet | Noticed a minotaur
 10637 | Gauntlet | Killed a minotaur
 10646 | Gauntlet | Identified the +6 dagger "Culiciph" {speed, *Rage rF+ Str+3
                  | Dex+3}
 10652 | Gauntlet | Identified the +1 pair of boots "Zeipashu" {Str+5 Int+4
                  | Slay+3}
 10653 | Gauntlet | Got the Octavo of Hazy Support
 10655 | Gauntlet | Identified the +3 leather armour of Anarchy {Str+3 Stlth+}
 10793 | D:11     | Noticed a two-headed ogre
 10802 | D:11     | Killed a two-headed ogre
 10803 | D:11     | Reached XP level 12. HP: 60/68 MP: 22/24
 11560 | Lair:1   | Entered Level 1 of the Lair of Beasts
 12859 | Lair:2   | Reached skill level 5 in Dodging
 12975 | Lair:2   | Reached ****** piety under Dithmenos
 12983 | Lair:2   | Noticed a four-headed hydra
 13256 | Lair:2   | Killed a four-headed hydra
 13342 | Lair:2   | Found a staircase to the Snake Pit.
 13951 | Lair:3   | Reached skill level 5 in Armour
 13955 | Lair:3   | Reached XP level 13. HP: 76/76 MP: 10/25
 14200 | Lair:3   | Noticed Rupert
 14213 | Lair:3   | Killed Rupert
 14246 | Lair:3   | Reached skill level 10 in Conjurations
 14358 | Lair:3   | Reached skill level 10 in Translocations
 14396 | Lair:3   | Reached skill level 10 in Stealth
 14458 | Lair:3   | Reached skill level 1 in Shields
 14504 | Lair:3   | Found a staircase to the Swamp.
 15898 | Lair:5   | Entered Level 5 of the Lair of Beasts
 15920 | Lair:5   | Found a viscous altar of Jiyva.
 15920 | Lair:5   | Found a staircase to the Slime Pits.
 15992 | Lair:5   | Reached skill level 5 in Shields
 16634 | Lair:5   | Reached XP level 14. HP: 71/84 MP: 17/26
 17127 | Lair:5   | Identified the amulet of Cacunah {RegenMP Fly Will+ Int-4
                  | Stlth+}
 17606 | Orc:1    | Entered Level 1 of the Orcish Mines
 17606 | Orc:1    | Noticed an orc warlord
 17610 | Orc:1    | Paralysed by an orc sorcerer for 5 turns
 18276 | D:12     | Noticed Lodul
 18294 | D:12     | Killed Lodul
 18513 | D:13     | Noticed Sonja
 18516 | D:13     | Killed Sonja
 18517 | D:13     | Reached skill level 10 in Fighting
 18701 | D:13     | Found a gate to the Vaults.
 18705 | D:13     | Noticed an ironbound thunderhulk
 18708 | D:13     | Killed an ironbound thunderhulk
 19018 | D:13     | Reached skill level 10 in Spellcasting
 19267 | D:14     | Found a portal to a secret trove of treasure.
 19406 | D:14     | You fall into a shaft and drop 1 floor!
 19406 | D:15     | Entered Level 15 of the Dungeon
 19793 | D:14     | Reached skill level 1 in Invocations
 19859 | D:14     | Found a broken altar of Ashenzari.
 20033 | D:14     | Found a burning altar of Makhleb.
 20146 | D:14     | Reached skill level 2 in Invocations
 20327 | D:14     | Reached skill level 3 in Invocations
 20626 | D:15     | Found a staircase to the Depths.
 20628 | D:15     | Reached XP level 15. HP: 86/92 MP: 29/33
 20775 | D:15     | Reached skill level 4 in Invocations
 21126 | D:14     | Learned a level 5 spell: Fireball
 21310 | Orc:1    | Reached skill level 1 in Fire Magic
 21310 | Orc:1    | Identified the +5 scimitar "Miargh" {holy, rElec Will+
                  | Dex-3 Stlth+}
 21433 | Orc:1    | Reached skill level 5 in Fire Magic
 21974 | Orc:2    | Entered Level 2 of the Orcish Mines
 22182 | Orc:2    | Found a staircase to the Elven Halls.
 22829 | Orc:2    | Found Han Magu's General Store.
 22830 | Orc:2    | Found Fytat's General Store.
 23041 | Orc:2    | Reached skill level 10 in Fire Magic
 23092 | Orc:2    | Found Tytar's Antique Weapon Shoppe.
 23095 | Orc:2    | Bought a scroll of identify for 30 gold pieces
 23103 | Orc:2    | Found Xoekar's Antique Weapon Emporium.
 23589 | Swamp:1  | Entered Level 1 of the Swamp
 24118 | Swamp:1  | You fall into a shaft and drop 1 floor!
 24120 | Swamp:2  | Noticed a thorn hunter
 24150 | Swamp:2  | Noticed Nikola
 24162 | Swamp:2  | Killed Nikola
 24163 | Swamp:2  | Reached XP level 16. HP: 63/97 MP: 19/34
 24238 | Swamp:2  | Noticed Mlioglotl
 24243 | Swamp:2  | Killed Mlioglotl
 25321 | Swamp:2  | Killed a thorn hunter
 25900 | Swamp:3  | Noticed a thorn hunter
 25903 | Swamp:3  | Killed a thorn hunter
 26366 | Swamp:3  | Identified the +3 chain mail of Happy Babbling {Str+2}
 26777 | Swamp:4  | Entered Level 4 of the Swamp
 26792 | Swamp:4  | Noticed a thorn hunter
 26794 | Swamp:4  | Killed a thorn hunter
 26795 | Swamp:4  | Noticed Donald
 27505 | Swamp:4  | Noticed a thorn hunter
 27510 | Swamp:4  | Killed a thorn hunter
 27844 | Swamp:4  | Killed Donald
 27845 | Swamp:4  | Reached XP level 17. HP: 102/102 MP: 25/35
 28124 | Swamp:4  | Got a decaying rune of Zot
 28413 | Snake:1  | Entered Level 1 of the Snake Pit
 28708 | Snake:1  | Identified the +2 trident of Collusion {drain, rN+ Int+2
                  | Dex+4}
 28712 | Snake:1  | Found a transporter.
 28723 | Snake:1  | Noticed Jorgrun
 28732 | Snake:1  | Killed Jorgrun
 29025 | Snake:1  | Noticed Aizul
 29031 | Snake:1  | Killed Aizul
 29293 | Snake:1  | Found a transporter.
 29297 | Snake:1  | Noticed Hih Uni's ghost (journeyman MiFi)
 29448 | Snake:1  | Found Foumm's Jewellery Emporium.
 29449 | Snake:1  | Found Lown's Book Boutique.
 29450 | Snake:1  | Found Wacan's Jewellery Emporium.
 29459 | Snake:1  | Bought the ring "Last" {rPois Will+ Dex+4} for 847 gold
                  | pieces
 29466 | Snake:1  | Bought a book of Changes for 216 gold pieces
 29472 | Snake:1  | Learned a level 5 spell: Irradiate
 29975 | Snake:2  | Identified the amulet "Bacicuuj" {Spirit rN++ Will- Dex+3
                  | Slay+2}
 29989 | Snake:2  | Reached skill level 1 in Transmutations
 30093 | Snake:2  | Identified the +0 leather armour of the Zebra {Int+3}
 30094 | Snake:2  | Found a transporter.
 30105 | Snake:2  | Noticed a hellephant
 30260 | Snake:2  | Reached skill level 15 in Fire Magic
 30681 | Snake:2  | Found a transporter.
 30683 | Snake:2  | Noticed Douf's ghost (adept MiBe)
 30955 | Snake:1  | Killed Hih Uni's ghost
 31074 | Snake:1  | Reached XP level 18. HP: 108/108 MP: 35/38
 31080 | Snake:1  | Identified the +5 flail of Ferocious Exoneration {drain,
                  | +Blink Str+3 SInv Stlth+}
 31182 | Snake:3  | Found a frozen archway.
 31190 | IceCv    | Entered an ice cave
 32612 | Snake:3  | Reached skill level 5 in Transmutations
 32612 | Snake:3  | Reached XP level 19. HP: 92/104 MP: 29/39
 32954 | Snake:3  | Found Besheten's General Store.
 33040 | Snake:3  | Found Xydithaj's Weapon Emporium.
 33041 | Snake:3  | Found Pysedut's Jewellery Shoppe.
 33041 | Snake:3  | Found Wega's Jewellery Emporium.
 33095 | Snake:3  | Reached skill level 15 in Conjurations
 33178 | Snake:3  | Found Fihuxko's Antique Armour Shoppe.
 33232 | Snake:3  | Bought a distressingly furry helmet for 256 gold pieces
 33232 | Snake:3  | Identified the +2 helmet of the Arena {SInv Stlth+} (You
                  | bought it in a shop on level 3 of the Snake Pit)
 33232 | Snake:3  | Bought a shiny buckler for 202 gold pieces
 33552 | Snake:3  | Reached skill level 5 in Throwing
 33650 | Snake:3  | Found Eggihadgh's Magic Scroll Boutique.
 33656 | Snake:3  | Bought a scroll of amnesia for 68 gold pieces
 33660 | Snake:3  | Learned a level 2 spell: Sublimation of Blood
 33676 | Snake:3  | Reached skill level 15 in Spellcasting
 33950 | Snake:3  | Identified the +4 rapier of Siapne {speed, rN+}
 33959 | Snake:3  | Reached skill level 1 in Necromancy
 34086 | Snake:3  | Got the Folio of Charms
 34291 | Snake:3  | Found Cysuef's General Store.
 34683 | Snake:4  | Entered Level 4 of the Snake Pit
 35126 | Snake:4  | Identified the +6 short sword of Sotuwk {elec, Str+3}
 35282 | Snake:4  | Found Suuhelu's Book Shop.
 35290 | Snake:4  | Found Rosiax's Distillery.
 35512 | Snake:4  | Noticed Kirke
 35537 | Snake:4  | Killed Kirke
 36308 | Snake:4  | Reached skill level 5 in Necromancy
 36374 | Snake:4  | Got a serpentine rune of Zot
 36794 | Elf:1    | Entered Level 1 of the Elven Halls
 36818 | Elf:1    | Identified the +10 falchion "Elaamith" {venom, rC- rN+
                  | Dex+4}
 36863 | Elf:1    | Found a radiant altar of Vehumet.
 37621 | Elf:1    | Reached XP level 20. HP: 84/119 MP: 31/41
 37715 | Elf:1    | Learned a level 2 spell: Passwall
 37947 | Elf:1    | Found Ywnu's Antique Armour Emporium.
 38187 | Elf:1    | Found a radiant altar of Vehumet.
 38453 | Elf:1    | Found Ywnu's Antique Armour Emporium.
 38660 | Elf:2    | Found Yxinaa's Antique Armour Shoppe.
 38670 | Elf:2    | Identified a scroll of acquirement
 38675 | Elf:2    | Acquired 1240 gold pieces
 38925 | Snake:3  | Bought the amulet of Vitality {RegenMP++ Regen++} for 2000
                  | gold pieces
 38925 | Snake:3  | Found the amulet of Vitality {RegenMP++ Regen++}
 39383 | Elf:2    | Paralysed by an air elemental for 1 turns
 39455 | Elf:2    | Reached skill level 1 in Earth Magic
 39484 | Elf:2    | Identified the +1 robe of the World {rPois}
 39511 | Elf:2    | Found a runed translucent gate.
 39511 | Elf:2    | Found a runed translucent gate.
 39517 | Elf:2    | Found a runed translucent gate.
 39518 | Elf:2    | Paralysed by an air elemental for 1 turns
 40854 | Elf:3    | Entered Level 3 of the Elven Halls
 41007 | Elf:3    | Gained mutation: Your magical capacity is low. (-10% MP) [a
                  | neqoxec]
 41477 | Elf:3    | Identified the +5 halberd "Xihashehy" {heavy, rF+ rCorr}
 41555 | Elf:3    | Identified the +3 quarterstaff of Joeretum {antimagic,
                  | Contam rN+ Str+3}
 42001 | Elf:3    | Reached skill level 10 in Transmutations
 42366 | Elf:3    | Identified the +6 chain mail "Taoneok" {rPois Str+4}
 42400 | Elf:3    | Got the Compilation of Lightning
 42402 | Elf:3    | Identified the +2 sling of the Ageless Heavens {freeze,
                  | rC++}
 42469 | Elf:3    | Identified the +5 sling of Iconoclasm {drain, Str+4 Int+3}
 42517 | Elf:3    | Reached skill level 5 in Earth Magic
 42541 | Elf:3    | Got Experienced Witchery
 42918 | Snake:4  | Bought a book of Annihilations for 780 gold pieces
 43104 | Vaults:1 | Entered Level 1 of the Vaults
 43347 | Vaults:1 | Reached XP level 21. HP: 128/128 MP: 1/39
 43388 | Vaults:1 | Learned a level 9 spell: Fire Storm
 45010 | Vaults:2 | Reached skill level 10 in Armour
 46674 | Vaults:3 | Found a magical portal.
 46679 | WizLab   | Entered Lehudib's Moon Base
 46766 | WizLab   | Found a transporter.
 46775 | WizLab   | Found the +8 longbow "Zephyr" {speed, Dex+3 SInv}
 46788 | WizLab   | Learned a level 7 spell: Orb of Destruction
 46846 | WizLab   | Reached XP level 22. HP: 133/133 MP: 10/40
 47227 | WizLab   | Identified the ring "Doumepun" {Wiz rPois rF+ Str+2 Dex-3}
 47280 | WizLab   | Found a transporter.
 47846 | WizLab   | Got Lehudib's Secrets of Fluctuating Cleavage
 47946 | Vaults:3 | Found a staircase to the Crypt.
 48581 | Vaults:3 | Found Qyacw's Antique Weapon Shop.
 49026 | Vaults:4 | Learned a level 6 spell: Plasma Beam
 49205 | Vaults:4 | Reached skill level 1 in Air Magic
 49243 | Vaults:4 | Identified the +6 short sword of Jibeom {venom, *Noise
                  | Drain Str+7}
 49982 | Vaults:4 | Found a huge runed gate.
 49982 | Vaults:4 | Found a huge runed gate.
 49982 | Vaults:4 | Found a huge runed gate.
 49982 | Vaults:4 | Found a huge runed gate.
 49982 | Vaults:4 | Found a huge runed gate.
 49982 | Vaults:4 | Found a huge runed gate.
 49982 | Vaults:4 | Found a huge runed gate.
 49984 | Vaults:4 | Found a huge runed gate.
 49984 | Vaults:4 | Found a huge runed gate.
 49984 | Vaults:4 | Found a huge runed gate.
 49985 | Vaults:4 | Found a huge runed gate.
 49985 | Vaults:4 | Found a huge runed gate.
 49987 | Vaults:4 | Found a huge runed gate.
 49988 | Vaults:4 | Found a huge runed gate.
 49989 | Vaults:4 | Found a huge runed gate.
 50008 | Vaults:4 | Found a huge runed gate.
 50008 | Vaults:4 | Found a huge runed gate.
 50008 | Vaults:4 | Found a huge runed gate.
 50008 | Vaults:4 | Found a huge runed gate.
 50008 | Vaults:4 | Found a huge runed gate.
 50008 | Vaults:4 | Found a huge runed gate.
 50009 | Vaults:4 | Found a huge runed gate.
 50010 | Vaults:4 | Found a huge runed gate.
 50011 | Vaults:4 | Found a huge runed gate.
 50020 | Vaults:4 | Found a huge runed gate.
 50020 | Vaults:4 | Found a huge runed gate.
 50020 | Vaults:4 | Found a huge runed gate.
 50020 | Vaults:4 | Found a huge runed gate.
 50020 | Vaults:4 | Found a huge runed gate.
 50020 | Vaults:4 | Found a huge runed gate.
 50021 | Vaults:4 | Found a huge runed gate.
 50022 | Vaults:4 | Found a huge runed gate.
 50023 | Vaults:4 | Found a huge runed gate.
 50031 | Vaults:4 | Found a huge runed gate.
 50031 | Vaults:4 | Found a huge runed gate.
 50031 | Vaults:4 | Found a huge runed gate.
 50061 | Vaults:4 | Identified the ring "Cousecs" {rCorr Str+7 Dex+6}
 50277 | Crypt:1  | Entered Level 1 of the Crypt
 50397 | Vaults:3 | Learned a level 4 spell: Dispel Undead
 50878 | Crypt:1  | Identified the +8 trident of Durable Indomitability {drain,
                  | Fly rPois Int-4}
 51488 | Crypt:2  | Reached XP level 23. HP: 138/138 MP: 25/42
 51659 | Crypt:2  | Noticed Margery
 51762 | Crypt:2  | Killed Margery
 52324 | Crypt:2  | Acquired the +0 cloak "Unouw" {rN+ Regen+ Str+3}
 52698 | Crypt:3  | Entered Level 3 of the Crypt
 52854 | Crypt:3  | Reached skill level 10 in Shields
 53368 | Crypt:3  | Noticed Boris
 53374 | Crypt:3  | Killed Boris
 53681 | Crypt:3  | Noticed Mennas
 53684 | Crypt:3  | Killed Mennas
 53887 | Crypt:3  | Noticed a dread lich
 53894 | Crypt:3  | Killed a dread lich
 54083 | Crypt:3  | Noticed an ancient lich
 54110 | Crypt:3  | Found a staircase to the Tomb.
 54115 | Crypt:3  | Killed an ancient lich
 54140 | Crypt:3  | Identified the +4 chain mail "Yfionk" {Str-3 SInv Stlth+}
 54152 | Crypt:3  | Noticed an ancient lich
 54158 | Crypt:3  | Killed an ancient lich
 55041 | Snake:2  | Found a one-way gate to the infinite horrors of the Abyss.
 55050 | Snake:2  | Killed Douf's ghost
 55178 | Snake:2  | Identified the +1 morningstar of a bazaar {speed, Will+}
 55302 | Slime:1  | Entered Level 1 of the Pits of Slime
 56170 | Slime:3  | Found a viscous altar of Jiyva.
 56604 | Slime:4  | Reached XP level 24. HP: 130/144 MP: 4/44
 57145 | Slime:5  | Entered Level 5 of the Pits of Slime
 57207 | Slime:5  | Noticed the Royal Jelly
 57214 | Slime:5  | Killed the Royal Jelly
 57591 | Slime:5  | Identified the +6 plate armour "Ureicw" {rF+ rCorr Str+2}
 57593 | Slime:5  | Got a slimy rune of Zot
 57594 | Slime:5  | Identified the +4 longbow of Ad Valorem {heavy, Drain rC+++
                  | Str+6 Dex+2}
 57653 | Slime:5  | Identified the +5 falchion of Reapportionment {venom, SInv}
 57688 | Slime:5  | Identified the +5 flail "Jirghuqau" {antimagic, *Slow rF+
                  | rCorr SInv}
 58325 | Depths:1 | Entered Level 1 of the Depths
 58946 | Depths:1 | Identified the ring of Disaster {Dex+6 SInv}
 59068 | Depths:1 | Found a gateway to Hell.
 59753 | Depths:2 | Found a one-way gate leading to the halls of Pandemonium.
 59831 | Depths:2 | Found an ornate altar of the Wu Jian Council.
 59986 | Depths:2 | Reached skill level 5 in Air Magic
 60555 | Depths:2 | Reached XP level 25. HP: 133/153 MP: 41/44
 60640 | Depths:2 | Got the Writings on Apparitions and the Vector
 60642 | Depths:2 | Got the Parchment of Lamentation and Enchantment
 60645 | Depths:2 | Learned a level 1 spell: Apportation
 60785 | Depths:2 | Learned a level 5 spell: Lee's Rapid Deconstruction
 60909 | Depths:2 | Identified the ring "Bodoni" {rC+ Int+3 Dex+6 SInv}
 61602 | Depths:3 | Found a one-way gateway to a ziggurat.
 61944 | Depths:3 | Reached skill level 15 in Fighting
 61952 | Depths:3 | Noticed a juggernaut
 61962 | Depths:3 | Killed a juggernaut
 62000 | Depths:3 | Reached skill level 10 in Earth Magic
 62710 | Depths:3 | Found a corrupted altar of Lugonu.
 63131 | Depths:4 | Entered Level 4 of the Depths
 63176 | Depths:4 | Noticed a juggernaut
 63181 | Depths:4 | Killed a juggernaut
 63406 | Depths:4 | Found Zeos's Weapon Shoppe.
 63934 | Depths:4 | Found a runed translucent gate.
 63934 | Depths:4 | Found a runed translucent gate.
 63934 | Depths:4 | Found a runed translucent gate.
 63935 | Depths:4 | Noticed Zonakeul's ghost (adept HOMo)
 64456 | Depths:4 | Killed Zonakeul's ghost
 64457 | Depths:4 | Reached skill level 10 in Air Magic
 64487 | Depths:4 | Identified the +9 long sword of Melee {distort, MP+9 Str-4
                  | Dex+7}
 64582 | Depths:4 | Reached skill level 10 in Dodging
 64667 | Depths:4 | Found a gate to the Realm of Zot.
 65224 | Snake:1  | Bought an Everburning Encyclopedia for 432 gold pieces
 65233 | Snake:1  | Learned a level 8 spell: Ignition
 65456 | Vaults:5 | Entered Level 5 of the Vaults
 65504 | Vaults:5 | Noticed a dread lich
 65506 | Vaults:5 | Noticed Frederick
 65509 | Vaults:4 | Reached XP level 26. HP: 108/160 MP: 19/44
 65639 | Vaults:5 | Killed Frederick
 65643 | Vaults:5 | Noticed an ancient lich
 65646 | Vaults:5 | Killed an ancient lich
 65651 | Vaults:5 | Killed a dread lich
 65652 | Vaults:5 | Reached skill level 15 in Dodging
 66037 | Vaults:5 | Identified the ring of Fiedudung {rPois rF- rC+ MP+9 Str+6
                  | Int+7}
 66114 | Vaults:5 | Noticed a dread lich
 66120 | Vaults:5 | Killed a dread lich
 66145 | Vaults:5 | Noticed an ancient lich
 66148 | Vaults:5 | Killed an ancient lich
 66217 | Vaults:5 | Noticed Saint Roka
 66242 | Vaults:5 | Killed Saint Roka
 66548 | Vaults:5 | Identified the +2 helmet of the Griffon {rElec Int+2
                  | Slay+6}
 66666 | Vaults:5 | Noticed an ancient lich
 66669 | Vaults:5 | Killed an ancient lich
 66714 | Vaults:5 | Identified the staff "Ahueb" {rElec rCorr Int+5 Tmut Air}
 66726 | Vaults:5 | Got the Handbook of the Salvo
 66912 | Vaults:5 | Reached skill level 5 in Invocations
 67003 | Vaults:5 | Noticed a dread lich
 67006 | Vaults:5 | Killed a dread lich
 67029 | Vaults:5 | Identified the +7 triple sword "Felyxiyrr" {speed, rCorr
                  | Int+3 Dex+3}
 67325 | Vaults:5 | Noticed an ancient lich
 67332 | Vaults:5 | Killed an ancient lich
 67333 | Vaults:5 | Reached skill level 10 in Necromancy
 67402 | Vaults:5 | Identified the +1 leather armour of the Nightingale {rN+
                  | Str+3}
 67432 | Vaults:5 | Got a silver rune of Zot
 68476 | Snake:3  | Bought a potion of curing for 33 gold pieces
 68476 | Snake:3  | Bought a potion of heal wounds for 55 gold pieces
 68516 | Snake:4  | Bought a potion of heal wounds for 60 gold pieces
 68516 | Snake:4  | Bought a potion of haste for 120 gold pieces
 68516 | Snake:4  | Bought a potion of enlightenment for 60 gold pieces
 68516 | Snake:4  | Bought a potion of ambrosia for 96 gold pieces
 68516 | Snake:4  | Bought a potion of heal wounds for 60 gold pieces
 68516 | Snake:4  | Bought a potion of curing for 36 gold pieces
 68516 | Snake:4  | Bought a potion of curing for 36 gold pieces
 68516 | Snake:4  | Bought a potion of curing for 36 gold pieces
 68516 | Snake:4  | Bought a potion of heal wounds for 60 gold pieces
 68564 | Snake:3  | Bought a scroll of fog for 48 gold pieces
 68564 | Snake:3  | Bought a scroll of vulnerability for 48 gold pieces
 68617 | Snake:3  | Bought a scroll of revelation for 127 gold pieces
 68617 | Snake:3  | Bought a scroll of poison for 68 gold pieces
 68617 | Snake:3  | Bought a scroll of blinking for 127 gold pieces
 68617 | Snake:3  | Bought a scroll of teleportation for 51 gold pieces
 68617 | Snake:3  | Bought a scroll of vulnerability for 68 gold pieces
 68858 | Orc:2    | Bought a potion of ambrosia for 120 gold pieces
 68865 | Orc:2    | Learned a level 5 spell: Yara's Violent Unravelling
 69393 | Tomb:1   | Entered Level 1 of the Tomb of the Ancients
 69546 | Tomb:1   | Identified the +6 chain mail of the Will of the Gods {rN+
                  | Stlth+}
 69614 | Tomb:1   | Reached skill level 10 in Evocations
 69655 | Tomb:1   | Reached skill level 6 in Invocations
 69706 | Tomb:1   | Noticed a royal mummy
 69710 | Tomb:1   | Killed a royal mummy
 70047 | Tomb:1   | Noticed a royal mummy
 70050 | Tomb:1   | Killed a royal mummy
 70189 | Tomb:1   | Reached XP level 27. HP: 113/164 MP: 37/45
 71093 | Zot:1    | Entered Level 1 of the Realm of Zot
 71753 | Zot:1    | Found a transporter.
 71780 | Zot:1    | Noticed Grunn
 71787 | Zot:1    | Killed Grunn
 71847 | Zot:1    | Noticed an orb of fire
 71854 | Zot:1    | Killed an orb of fire
 71894 | Zot:1    | Lost mutation: Your magical capacity is low. (-10% MP)
                  | [potion of mutation]
 71894 | Zot:1    | Gained mutation: You are dopey. (Int -2) [potion of
                  | mutation]
 71895 | Zot:1    | Lost mutation: You are dopey. (Int -2) [potion of mutation]
 71895 | Zot:1    | Gained mutation: Your movements are slightly less
                  | encumbered by armour. (ER -2) [potion of mutation]
 71895 | Zot:1    | Gained mutation: You are resistant to electric shocks.
                  | (rElec) [potion of mutation]
 71908 | Zot:1    | Reached skill level 7 in Invocations
 71979 | Zot:1    | Found a transporter.
 71991 | Zot:1    | Found a transporter.
 72004 | Zot:1    | Found a transporter.
 72123 | Zot:1    | Found a transporter.
 72140 | Zot:1    | Reached skill level 8 in Invocations
 72161 | Zot:1    | Reached skill level 9 in Invocations
 72161 | Zot:1    | Found a transporter.
 72294 | Zot:1    | Reached skill level 10 in Invocations
 72867 | Zot:1    | Found a transporter.
 72876 | Zot:1    | Found a transporter.
 73083 | Zot:1    | Learned a level 9 spell: Shatter
 73089 | Zot:1    | Noticed an ancient lich
 73095 | Zot:1    | Identified the ring of Fyothrav {rElec rCorr Str+6 Int+5
                  | Stlth+}
 73104 | Zot:1    | Identified the ring "Acsemucw" {rC+ rCorr Int+3}
 73109 | Zot:1    | Identified the ring of Demons {rCorr Slay+6}
 73110 | Zot:1    | Reached skill level 11 in Invocations
 73111 | Zot:1    | Killed an ancient lich
 73140 | Zot:1    | Identified the amulet "Hickoukka" {Faith rPois Int+3}
 73140 | Zot:1    | Noticed an ancient lich
 73159 | Zot:1    | Killed an ancient lich
 73160 | Zot:1    | Reached skill level 12 in Invocations
 73192 | Zot:1    | Reached skill level 13 in Invocations
 73441 | Zot:2    | Reached skill level 14 in Invocations
 73632 | Zot:2    | Reached skill level 15 in Earth Magic
 74353 | Zot:3    | Identified the +3 scale mail of the Earth {Str+2 Int-3
                  | Dex+2}
 74411 | Zot:3    | Reached skill level 15 in Invocations
 74611 | Zot:3    | Reached skill level 16 in Invocations
 75729 | Zot:5    | Entered Level 5 of the Realm of Zot
 75732 | Zot:5    | Reached skill level 17 in Invocations
 76200 | Zot:5    | Reached skill level 18 in Invocations
 76342 | Zot:5    | Noticed an orb of fire
 76347 | Zot:5    | Killed an orb of fire
 76553 | Zot:5    | Noticed a dread lich
 76556 | Zot:5    | Killed a dread lich
 76563 | Zot:5    | Noticed a dread lich
 76566 | Zot:5    | Killed a dread lich
 76567 | Zot:5    | Reached skill level 19 in Invocations
 76572 | Zot:5    | Noticed an orb of fire
 76594 | Zot:5    | Killed an orb of fire
 76634 | Zot:5    | Noticed an ancient lich
 76636 | Zot:5    | Killed an ancient lich
 76750 | Zot:5    | Noticed an ancient lich
 76753 | Zot:5    | Noticed an orb of fire
 76755 | Zot:5    | Killed an ancient lich
 76757 | Zot:5    | Gained mutation: Your magical capacity is low. (-10% MP)
                  | [an orb of fire]
 76765 | Zot:5    | Killed an orb of fire
 76766 | Zot:5    | Reached skill level 20 in Invocations
 76953 | Zot:5    | Noticed an ancient lich
 76956 | Zot:5    | Killed an ancient lich
 77471 | Zot:5    | Reached skill level 21 in Invocations
 77653 | Zot:5    | Noticed an ancient lich
 77657 | Zot:5    | Killed an ancient lich
 77658 | Zot:5    | Noticed an orb of fire
 77659 | Zot:5    | Noticed an orb of fire
 77662 | Zot:5    | Killed an orb of fire
 77665 | Zot:5    | Killed an orb of fire
 77742 | Zot:5    | Reached skill level 22 in Invocations
 78943 | Tomb:1   | Noticed a royal mummy
 78946 | Tomb:1   | Killed a royal mummy
 79744 | Zot:5    | Got the Orb of Zot
 80394 | D:1      | Noticed Anua the pandemonium lord
 80395 | D:1      | Killed Anua the pandemonium lord
 80533 | D:1      | Reached skill level 23 in Invocations
 80587 | D:1      | Noticed Hapn the pandemonium lord
 80590 | D:1      | Killed Hapn the pandemonium lord
 80592 | D:$      | Escaped with the Orb!

Illustrated notes

Levels and vault maps discovered:
D:1:      minmay_arrival_five_plusses, layout_loops_cross
D:2:      layout_loops_ring
D:3:      minmay_evil_eye, layout_rooms, chequers_arboretum
D:4:      layout_loops_ring, mainiacjoe_overflow_paths,
          chequers_temple_overflow_minitemple, nicolae_dithmenos_shadow_blocks,
          old_standard_altar, lightli_ossuary_entry_decrepit_ruins
D:5:      layout_loops_cross, lemuel_zombie_altar_yredelemnul, temple_pool_b
D:6:      layout_cave_pools, mainiacjoe_overflow_boulevard
D:7:      layout_cave_pools, uniq_prince_ribbit1
D:8:      layout_cave_pods, minmay_bent
D:9:      nzn_winding_woodlands_cross [nzn_winding_woodlands_5x15_twine,
          nzn_winding_woodlands_5x15_pathside_ponds,
          nzn_winding_woodlands_5x15_default,
          nzn_winding_woodlands_5x15_split_checker,
          nzn_winding_woodlands_15x15_eel_pit], layout_irregular_city,
          grunt_temple_overflow_growth_and_decay, minmay_orc_entry_temple_small
D:10:     layout_basic, kennysheep_generic_room_9
D:11:     layout_irregular_city, hellmonk_lair_entry_icy, gauntlet_entry_generic
D:12:     layout_cave_pools, minmay_holes, uniq_lodul
D:13:     layout_roguey, hellmonk_vaults_keyhole, grunt_decor_junction,
          uniq_sonja
D:14:     layout_basic, ashenzari_conservatory_becter,
          nicolae_trove_entry_crossroad, demons_altar
D:15:     grunt_enter_depths_hoard, layout_irregular_city, hangedman_decor_push,
          small_statue_intersection, minmay_misc_feat_tower, nicolae_the_louvre
Lair:1:   layout_hall_layers, lemuel_fruit_tree, grunt_megastairs_3,
          lemuel_fruit_fields
Lair:2:   layout_chaotic_city, guppyfry_snake_entry_island
Lair:3:   layout_hall_layers, minmay_swamp_entry_worms, forest_entry_grove,
          uniq_rupert
Lair:4:   layout_cave_pods, st_stairs_7, patterned_corridor
Lair:5:   minmay_lair_end_frog_pond, layout_small_grid, slime_entry_1
Swamp:1:  layout_basic_swamp, nicolae_swamp_feature_on_the_river_bank,
          swamp_pool4, nicolae_swamp_triple_paths, lightli_tree_ring
Swamp:2:  layout_basic_swamp, evilmike_swamp_ruin_house_1, uniq_nikola,
          uniq_mlioglotl
Swamp:3:  layout_basic_swamp, hangedman_swamp_lotus, swamp_pool3
Swamp:4:  swamp_alternative, layout_basic_swamp, uniq_donald
Snake:1:  layout_cave_shapes, gammafunk_ghost_arena, grunt_megastairs_4,
          minmay_shop_grove, uniq_jorgrun, uniq_aizul
Snake:2:  layout_basic, gammafunk_ghost_abyssal_escape
Snake:3:  layout_chambers, portal_ice_cave_entry_pillars_1, serial_shops, shop,
          shop, shop, serial_bayou_shore_b, serial_bayou_shore_a,
          minmay_shoptagon
Snake:4:  snake_pit, layout_layer_cave, minmay_shop_star, uniq_kirke
Slime:1:  layout_caves
Slime:2:  layout_caves, special_room [special_room_jelly]
Slime:3:  layout_caves, basic_altar, nicolae_slime_rock_hall_of_fame
Slime:4:  layout_caves
Slime:5:  slime_pit
Orc:1:    layout_caves, elf_legates
Orc:2:    st_orc_open, layout_caves, basic_altar
Elf:1:    eino_elf_arrival_altar, layout_loops_ring, serial_shops,
          nicolae_shop_behind_doors, evilmike_minifort
Elf:2:    elven_hall_of_blades_hangedman_original
          [nicolae_blade_entry_floor_patterns], layout_onion_city, serial_shops,
          nicolae_shop_statue_plus
Elf:3:    grunt_elf_hall_diamonds, layout_onion_city
Vaults:1: v_rooms_6, v_misc_28, st_smaller_cells,
          vaults_room_grunt_arrival_ludios, v_pattern_5, nicolae_vaults_prndl,
          nicolae_vaults_little_squares_3, layout_vaults_quadrants
Vaults:2: grunt_vaults_focal, hangedman_vaults_locks,
          nicolae_vaults_ninety_degrees, v_rooms_2,
          nicolae_vaults_little_squares_2, nicolae_vaults_cochlea,
          nicolae_vaults_surprise_closet, nicolae_vaults_little_squares_6,
          hangedman_vaults_stitches, vaults_room_ringed_pool,
          nicolae_vaults_specimen_jars, nicolae_vaults_asterisk,
          nicolae_vaults_six-pack, layout_vaults_maze
Vaults:3: mu_enter_wizlab_1, nicolae_vaults_puzzle_piece,
          minmay_crypt_entry_simple_corners, grunt_vaults_hallway_long,
          nicolae_vaults_little_squares_1, nicolae_vaults_stepped_doors,
          nicolae_vaults_variable_pillar_hall,
          nicolae_vaults_shipping_containers_4,
          nicolae_vaults_doubleplus_tesselated, vaults_room_stairs_pillars,
          v_alt_pattern_1, nicolae_vaults_six-pack, ontoclasm_vaults_spin,
          nicolae_vaults_closet_pinwheel_2, nicolae_vaults_angled_halls,
          layout_vaults_omnibox, serial_shops, nicolae_shop_behind_doors
Vaults:4: nicolae_vaults_trapezoid_4, ontoclasm_vaults_hangar,
          grunt_vaults_twisty, nicolae_vaults_mitosis, not_door_vault_mu,
          nicolae_vaults_mini_display_case, nicolae_vaults_tetromino_Z_2,
          nicolae_vaults_security_offices_2, nicolae_vaults_heist,
          vaults_room_fours, nicolae_vaults_more_shelving_1,
          layout_vaults_omnicross
Vaults:5: uniq_frederick, uniq_saint_roka
Crypt:1:  layout_chaotic_city
Crypt:2:  layout_gridlike, nicolae_fountain_basement, grunt_megastairs_5,
          uniq_margery
Crypt:3:  quadcrypt_mu, uniq_mennas, uniq_boris
Tomb:1
Depths:1: layout_cave_shapes, hellmouth_3, abyss_entry, dispersion_dpeg
Depths:2: grunt_twisty_corner, layout_small_grid, hell_entry,
          hangedman_decor_growths, pan_entry, nicolae_wu_jian_wuxing_cycle
Depths:3: minmay_complete_graph, layout_gridlike, enter_ziggurat_f,
          pf_hell_entry_tar_spiral, abyss_entry_flame_altar, minivault_10,
          kennysheep_diamond
Depths:4: evilmike_zot_entry_hall, layout_basic, ebering_ghost_rock_garden,
          hell_entry, serial_shops, nicolae_shop_bloodbath_and_beyond,
          serial_rivers, chequers_serial_rivers_small_b,
          chequers_serial_rivers_small_3, chequers_serial_rivers_micro_d,
          chequers_serial_rivers_micro_d, chequers_serial_rivers_marsh
Zot:1:    gammafunk_dig_for_victory, layout_cathedral_of_symmetry,
          serial_nicolae_subway, nicolae_sub_station_stone,
          nicolae_sub_station_crystal, nicolae_sub_station_metal, uniq_grunn
Zot:2:    layout_gridlike
Zot:3:    layout_misc_corridors, grunt_ministairs_9
Zot:4:    layout_onion_interference
Zot:5:    layout_gridlike

Skill      XL: |  1  2  3  4  5  6  7  8  9 10 11 12 13 14 15 16 17 18 19 20 21 22 23 24 25 26 27 |
---------------+----------------------------------------------------------------------------------+-----
Short Blades   | 2 3 4 5 6 7 8 10 | 10.0
Ice Magic      | 1 2 3 4 |  4.0
Fighting       | 1 3 4 5 6 8 10 11 12 14 15 | 15.1
Translocations | 1 3 5 7 9 10 | 10.0
Stealth        | 4 5 6 7 8 10 | 10.0
Spellcasting   | 4 5 7 12 14 15 16 17 20 22 | 22.0
Dodging        | 3 4 5 6 7 13 17 | 17.0
Hexes          | 6 7 |  7.0
Armour         | 1 2 3 4 5 7 8 9 10 12 | 12.0
Throwing       | 2 3 4 6 |  6.0
Conjurations   | 2 5 7 9 10 11 14 15 18 19 20 21 22 | 22.0
Evocations     | 3 6 7 8 9 10 | 10.9
Shields        | 5 7 9 10 | 10.0
Invocations    | 3 4 6 23 | 23.0
Fire Magic     | 11 14 15 18 19 20 21 22 | 22.0
Transmutations | 2 5 8 10 11 12 | 12.0
Necromancy     | 6 9 10 | 10.0
Earth Magic    | 5 12 14 16 | 16.0
Air Magic      | 2 3 6 11 12 | 12.0

Action                     |  1- 3 |  4- 6 |  7- 9 | 10-12 | 13-15 | 16-18 | 19-21 | 22-24 | 25-27 || total
---------------------------+-------+-------+-------+-------+-------+-------+-------+-------+-------++-------
  Melee: Dagger            |   128 |   199 |   116 |   195 |   277 |    13 |       |       |       ||   928
         Punch             |       |     1 |       |     2 |       |       |       |       |       ||     3
         Short sword       |       |       |       |    21 |       |       |       |       |       ||    21
         Scimitar          |       |       |       |       |    10 |     3 |     6 |    13 |     2 ||    34
         Staff             |       |       |       |       |       |       |       |       |     2 ||     2
  Throw: Stone             |     1 |     4 |    24 |    39 |       |       |       |       |       ||    68
         Boomerang         |       |       |       |    22 |    47 |       |       |       |       ||    69
         Throwing net      |       |       |       |       |       |     2 |       |       |       ||     2
         Dart              |       |       |       |       |       |     1 |     1 |       |       ||     2
   Cast: Ensorcelled Hiber |    36 |    38 |    60 |   127 |   145 |       |     1 |       |       ||   407
         Confusing Touch   |       |     5 |     9 |    10 |     9 |     1 |       |       |       ||    34
         Iskenderun's Myst |       |       |       |    60 |    90 |    46 |   124 |    54 |    15 ||   389
         Tukima's Dance    |       |       |       |     2 |       |     1 |       |       |       ||     3
         Fireball          |       |       |       |       |   159 |   347 |   639 |   111 |     6 ||  1262
         Blink             |       |       |       |       |     1 |     8 |       |     1 |     1 ||    11
         Irradiate         |       |       |       |       |       |    28 |   129 |    71 |    38 ||   266
         Sublimation of Bl |       |       |       |       |       |       |    65 |   176 |   270 ||   511
         Orb of Destructio |       |       |       |       |       |       |     3 |     6 |       ||     9
         Plasma Beam       |       |       |       |       |       |       |       |   589 |   560 ||  1149
         Dispel Undead     |       |       |       |       |       |       |       |    21 |    12 ||    33
         Fire Storm        |       |       |       |       |       |       |       |    89 |   313 ||   402
         Ignition          |       |       |       |       |       |       |       |       |     7 ||     7
         Apportation       |       |       |       |       |       |       |       |       |    20 ||    20
         Lee's Rapid Decon |       |       |       |       |       |       |       |       |     4 ||     4
         Passwall          |       |       |       |       |       |       |       |       |    14 ||    14
         Shatter           |       |       |       |       |       |       |       |       |     3 ||     3
 Invoke: Shadow Step       |       |       |       |       |     5 |       |       |       |       ||     5
  Evoke: Wand              |       |       |       |    10 |    29 |     4 |    16 |     3 |     4 ||    66
         Phial of floods   |       |       |       |     1 |     3 |     4 |     2 |     1 |       ||    11
         Phantom mirror    |       |       |       |       |       |     2 |     1 |       |       ||     3
         Box of beasts     |       |       |       |       |       |     1 |       |       |       ||     1
         Lightning rod     |       |       |       |       |       |       |       |     4 |     4 ||     8
         Tin of tremorston |       |       |       |       |       |       |       |     2 |     1 ||     3
    Use: Scroll            |       |    10 |     1 |    15 |    13 |     8 |     9 |     5 |    11 ||    72
         Potion            |       |     1 |       |     8 |     5 |     2 |     5 |     6 |     4 ||    31
   Stab: Sleeping          |    32 |    30 |    54 |   101 |   136 |       |       |       |       ||   353
         Invisible         |       |     4 |       |       |       |       |       |       |       ||     4
         Confused          |       |     2 |     9 |     9 |     8 |     1 |       |       |       ||    29
         Distracted        |       |       |       |       |       |       |     1 |       |       ||     1
 Armour: Robe              |    32 |    79 |     5 |       |       |       |       |       |       ||   116
         Leather armour    |       |       |    35 |    70 |   118 |       |       |       |       ||   223
         Troll leather arm |       |       |       |       |    21 |    65 |    60 |    89 |    47 ||   282
  Dodge: Dodged            |    55 |   189 |    78 |   157 |   204 |    63 |   113 |   108 |   110 ||  1077
  Block: Buckler           |       |       |       |       |    77 |    20 |    97 |    86 |    65 ||   345

Table legend: (Time is in decaauts)
 A = Elapsed time spent in this place.
 B = Non-inter-level travel time spent in this place.
 C = Inter-level travel time spent in this place.
 D = Time resting spent in this place.
 E = Time spent auto-exploring this place.
 F = Levels seen in this place.
 G = Mean time per level.
                   A        B        C        D        E       F      G
               +--------+--------+--------+--------+--------+-----+--------+
         Total |  80635 |  69487 |  11148 |   8508 |  45637 |  60 | 1343.9 |
       Dungeon |  17106 |  14076 |   3030 |    677 |  10476 |  15 | 1140.4 |
          Lair |   6875 |   5879 |    996 |    508 |   3951 |   5 | 1375.0 |
         Swamp |   4844 |   4573 |    271 |    764 |   3110 |   4 | 1211.0 |
     Snake Pit |   7778 |   6630 |   1148 |   1045 |   4146 |   4 | 1944.5 |
    Slime Pits |   2631 |   2474 |    157 |    397 |   1627 |   5 |  526.2 |
  Orcish Mines |   2180 |   1882 |    298 |     27 |   1393 |   2 | 1090.0 |
   Elven Halls |   5431 |   5015 |    416 |    703 |   3387 |   3 | 1810.3 |
        Vaults |   9219 |   7608 |   1611 |    355 |   5133 |   5 | 1843.8 |
         Crypt |   5609 |   4342 |   1267 |    427 |   2987 |   3 | 1869.7 |
          Tomb |   1161 |   1048 |    113 |    102 |    584 |   1 | 1161.0 |
        Depths |   7160 |   6130 |   1030 |   1254 |   3770 |   4 | 1790.0 |
           Zot |   6989 |   6185 |    804 |   1692 |   3307 |   5 | 1397.8 |
       Ossuary |    476 |    476 |      0 |      0 |    155 |   1 |  476.0 |
      Ice Cave |   1176 |   1176 |      0 |    480 |    411 |   1 | 1176.0 |
        Wizlab |   1190 |   1190 |      0 |     76 |    703 |   1 | 1190.0 |
      Gauntlet |    802 |    802 |      0 |      0 |    494 |   1 |  802.0 |
               +--------+--------+--------+--------+--------+-----+--------+

Top non-repeatable levels by time:
 Crypt:3: 2744 daAuts
   Zot:5: 2684 daAuts
 Snake:3: 2521 daAuts
     D:9: 2253 daAuts
Vaults:5: 2245 daAuts
Depths:4: 2169 daAuts
Depths:2: 2144 daAuts
Vaults:1: 2123 daAuts
   Elf:1: 2036 daAuts
 Snake:4: 1853 daAuts
   Zot:1: 1798 daAuts
   Elf:2: 1797 daAuts
Depths:3: 1780 daAuts
 Snake:2: 1769 daAuts
Vaults:2: 1691 daAuts
